 Dungeon Crawl Stone Soup version 0.19.1-1-g22dce08 (webtiles) character file.

65 Queen the Slasher (level 3, -4/49 HPs)
             Began as a Minotaur Berserker on Jan 8, 2017.
             Was a Believer of Trog.
             Slain by Natasha (5 damage)
             ... on level 3 of the Dungeon.
             The game lasted 00:04:50 (1212 turns).

Queen the Slasher (Minotaur Berserker)              Turns: 1212, Time: 00:04:51

Health: -4/49      AC: 21    Str: 21    XL:     3   Next: 92%
Magic:  2/2        EV:  2    Int:  4    God:    Trog [**....]
Gold:   163        SH:  0    Dex: 10    Spells: 0 memorised, 2 levels left

rFire  . . .     SeeInvis .     a - +0 falchion
rCold  . . .     Gourm    .     (armour currently unavailable)
rNeg   + + +     Faith    .     (no shield)
rPois  +         Spirit   .     (helmet currently unavailable)
rElec  .         Reflect  .     (cloak currently unavailable)
rCorr  .         Harm     .     (gloves currently unavailable)
MR     .....     NoTele   +     (boots currently unavailable)
Stlth  +.........               o - amulet of inaccuracy (curse)
                                (no ring)
                                (no ring)

@: tree-form, very slightly contaminated, hasted and slowed
A: (retaliatory headbutt), (horns 0)
a: Berserk, Trog's Hand, Burn Spellbooks, Renounce Religion


You were on level 3 of the Dungeon.
You worshipped Trog.
Trog was pleased with you.
You were not hungry.
You were a tree.
You visited 1 branch of the dungeon, and saw 3 of its levels.

You collected 163 gold pieces.

Inventory:

Hand Weapons
 a - a +0 falchion (weapon)
Armour
 b - a +1 animal skin (melded)
Jewellery
 o - a cursed amulet of inaccuracy (around neck)
Scrolls
 l - a scroll of identify
Potions
 i - a potion of brilliance {unknown}
 k - a potion of curing {unknown}
 m - a potion of mutation {unknown}
Comestibles
 c - a bread ration
 d - 2 fruits
 f - 4 chunks of flesh
 h - 2 beef jerkies
 j - 2 meat rations


   Skills:
 - Level 3.7 Fighting
 + Level 5.5 Long Blades
 - Level 2.7 Armour
 - Level 2.4 Dodging


You had 2 spell levels left.
You didn't know any spells.

Dungeon Overview and Level Annotations

Branches:
Dungeon (3/15)

Altars:
Hepliaklqana

Annotations:
D:3 Natasha


Innate Abilities, Weirdness & Mutations

((You reflexively headbutt those who attack you in melee.))
((You have a pair of horns on your head.))


Message History

You are too injured to fight recklessly!
You are too injured to fight recklessly!
You feel yourself speed up.
The crimson imp disappears in a puff of smoke!
The rat bites you.
* * * LOW HITPOINT WARNING * * *
Natasha barely misses you. The crimson imp hits you.
* * * LOW HITPOINT WARNING * * *
The rat bites you but does no damage.
Natasha stares at you and mumbles some strange words.
You resist with significant effort. The crimson imp hits you.
* * * LOW HITPOINT WARNING * * *
The crimson imp misses you.
You riposte.
You miss the crimson imp. Your headbutt misses the crimson imp.
You are very lightly contaminated with residual magic.
It was a potion of lignification.
You turn into a tree.
Your +1 animal skin melds into your body.
Your roots penetrate the ground.
The rat bites you but does no damage. Natasha claws you.
You die...

#..... ..
#....##.# #
#....... ..
#......######.
#.............
#...(.<..#.#####
#......$........
#......#§5.####
#......5♣r##
#..#.####h%...#
......# .###.#
#.###.#.# .# .
..##.# .. .. ...
_. .#. ..# .##


You could see Natasha, 2 crimson imps and a rat.

Vanquished Creatures
  2 adders
  A dart slug (D:1)
  A ball python (D:2)
  3 bats
  3 giant cockroaches
  8 goblins
  6 hobgoblins
  7 kobolds
  2 quokkas
  4 frilled lizards
  2 rats
39 creatures vanquished.

Notes
Turn   | Place    | Note
-------+----------+-------------------------------------------
     0 | D:1      | Queen the Minotaur Berserker began the quest for the Orb.
     0 | D:1      | Reached XP level 1. HP: 19/19 MP: 0/0
   245 | D:1      | Reached XP level 2. HP: 20/27 MP: 1/1
   351 | D:1      | Reached skill level 4 in Long Blades
   736 | D:2      | Reached XP level 3. HP: 28/33 MP: 2/2
   760 | D:2      | Reached skill level 5 in Long Blades
   926 | D:2      | Found a faded altar of an unknown god.
  1042 | D:2      | Reached ** piety under Trog
  1198 | D:3      | Noticed Natasha
  1199 | D:3      | Found a hazy altar of Hepliaklqana.
  1211 | D:3      | HP: 1/33 [crimson imp[Natasha] (1)]
  1212 | D:3      | Slain by Natasha

Skill      XL: |  1  2  3 |
---------------+----------+-----
Long Blades    | 4 5 |  5.5
Fighting       | |  3.7
Armour         | |  2.7
Dodging        | |  2.4

Action                   || total
-------------------------++-------
Melee: Falchion          ||    73
       Headbutt          ||     9
  Use: Scroll            ||     4
       Potion            ||     2
 Stab: Sleeping          ||     1
  Eat: Chunk             ||     1
Armor: Animal skin       ||    12
       Skin              ||     1
Dodge: Dodged            ||    49
       Rpst.: Falchion   ||    11
